 Dungeon Crawl Stone Soup version 0.29-a0-251-g80730f7 (webtiles) character file.

Game seed: 12933195692780005633

3434 Geeful the Nimble (level 10, -2/77 HPs)
             Began as a Merfolk Summoner on Jan 29, 2022.
             Was an Initiate of Hepliaklqana.
             Slain by an orc warrior
             ... wielding a +0 glaive
              (8 damage)
             ... in a bailey on Mar 5, 2022.
             The game lasted 00:46:44 (9801 turns).

Geeful the Nimble (Merfolk Summoner)                Turns: 9801, Time: 00:46:44

Health: -2/77      AC:  9    Str: 18    XL:     10   Next: 5%
Magic:  18/18      EV: 16    Int: 14    God:    Hepliaklqana [......]
Gold:   375        SH:  5    Dex: 16    Spells: 15/20 levels left

rFire   + . .      SeeInvis .   f - +3 demon trident (elec)
rCold   + . .      Faith    .   u - orb {*channel}
rNeg    + . .      Spirit   .   y - +2 robe {Will+}
rPois   .          Reflect  +   m - +2 helmet
rElec   .          Harm     .   k - scarf {rC+ rF+}
rCorr   .          Rampage  .   j - +0 pair of gloves
Will    +....                   v - +0 pair of boots
Stlth   ++........              i - amulet of reflection
HPRegen 0.22/turn               a - ring of positive energy
MPRegen 0.16/turn               b - +6 ring of strength

@: mighty
A: (nimble swimmer 2), mertail
a: Renounce Religion


You were in a bailey.
You worshipped Hepliaklqana.
Hepliaklqana was noncommittal.
You visited 2 branches of the dungeon, and saw 8 of its levels.
You also visited: Ossuary and Bailey.

You collected 375 gold pieces.

Inventory:

Hand Weapons
 f - a +3 demon trident of electrocution (weapon)
Missiles
 c - 8 poisoned darts (quivered)
 z - a throwing net
Armour
 g - a +0 tower shield of reflection
 j - a +0 pair of gloves (worn)
 k - a scarf of resistance (worn)
 m - a +2 helmet (worn)
 u - an orb of energy (worn)
 v - a +0 pair of boots (worn)
 y - a +2 robe of willpower (worn)
Jewellery
 a - a ring of positive energy (left hand)
 b - a +6 ring of strength (right hand)
 i - an amulet of reflection (around neck)
Wands
 e - a wand of flame (60)
 B - a wand of digging (12)
Scrolls
 o - 3 scrolls of fear
 q - 2 scrolls of teleportation
 r - 4 scrolls of immolation
 t - a scroll of brand weapon
 w - 3 scrolls of fog
 x - 2 scrolls of blinking
Potions
 d - 2 potions of brilliance
 l - 3 potions of attraction
 n - a potion of flight
 p - a potion of might
 s - a potion of mutation


   Skills:
 + Level 6.4 Fighting
 + Level 7.8 Polearms
 + Level 8.4 Dodging
 - Level 2.5 Stealth
 + Level 5.8 Spellcasting
 + Level 7.3 Summonings
 - Level 2.8 Evocations


You had 15 spell levels left.
You knew the following spells:

 Your Spells              Type           Power      Damage    Failure   Level
b - Call Imp              Summ           24%        N/A       1%          2
c - Summon Guardian Gole  Hex/Summ       14%        N/A       11%         3

Your spell library contained the following spells:

 Spells                   Type           Power      Damage    Failure   Level
 Summon Small Mammal      Summ           96%        N/A       1%          1
 Call Canine Familiar     Summ           24%        N/A       2%          3
 Blink                    Tloc           8%         N/A       24%         2
 Ensorcelled Hibernation  Hex/Ice        8%         N/A       24%         2
 Passwall                 Tmut/Erth      3%         N/A       24%         2
 Summon Lightning Spire   Summ/Air       14%        N/A       34%         4
 Gell's Gravitas          Tloc           4%         N/A       43%         3
 Ignite Poison            Fire/Tmut/Pois 4%         N/A       43%         3
 Lesser Beckoning         Tloc           4%         N/A       43%         3
 Mephitic Cloud           Conj/Pois/Air  4%         N/A       43%         3
 Portal Projectile        Hex/Tloc       8%         N/A       43%         3
 Swiftness                Air            4%         N/A       43%         3
 Teleport Other           Tloc           4%         N/A       43%         3
 Blade Hands              Tmut           2%         N/A       99%         5
 Excruciating Wounds      Necr           2%         N/A       99%         5
 Freezing Cloud           Conj/Ice/Air   2%         6-21      99%         5
 Manifold Assault         Tloc           4%         N/A       99%         5
 Dispersal                Tloc           2%         N/A       100%        6


Dungeon Overview and Level Annotations

Branches:
Dungeon (7/15)             Temple (1/1) D:6         Ossuary (visited)
 Bailey (1/1)

Altars:
Ashenzari
Dithmenos
Elyvilon
Gozag
Hepliaklqana
Kikubaaqudgha
Makhleb
Nemelex Xobeh
Okawaru
Qazlal
Ru
Sif Muna
Trog
Uskayaw
Vehumet
Wu Jian
Xom
Yredelemnul
Zin
The Shining One

Shops:
D:2 (   D:4 (


Innate Abilities, Weirdness & Mutations

((You are very nimble when in or above water. (Stealth+, EV+, Speed+++)))
Your lower body shifts to a powerful aquatic tail in water.


Message History

The centaur is severely wounded.
The centaur completely misses you.
The centaur kicks you but does no damage.
You hit the centaur.
The centaur is almost dead.
The centaur barely misses you. The centaur closely misses you.
You block the centaur's attack. x2
You hit the centaur but do no damage. Lightning courses through the centaur!
You kill the centaur!
The orc warrior misses you.
Reach: f) +3 demon trident (elec)
Press: ? - help, Dir - move target, f - orc warrior
Aim: an orc warrior, wielding a +0 glaive and wearing a +0 chain mail (about 35% to evade your +3 demon trident of electrocution)
You reach to attack!
You completely miss the orc warrior.
Reach: f) +3 demon trident (elec)
Press: ? - help, Dir - move target, f/p - orc warrior
Aim: an orc warrior, wielding a +0 glaive and wearing a +0 chain mail (about 35% to evade your +3 demon trident of electrocution)
You reach to attack!
You barely miss the orc warrior.
The orc warrior hits you from afar with a +0 glaive!
Reach: f) +3 demon trident (elec)
Press: ? - help, Dir - move target, f/p - orc warrior
Aim: an orc warrior, wielding a +0 glaive and wearing a +0 chain mail (about 35% to evade your +3 demon trident of electrocution)
You reach to attack!
You hit the orc warrior but do no damage.
Lightning courses through the orc warrior!
The orc warrior is moderately wounded.
The orc warrior hits you from afar with a +0 glaive!!
You feel very mighty all of a sudden.
The orc warrior hits you from afar with a +0 glaive!!
* * * LOW HITPOINT WARNING * * *
You feel better.
The orc warrior hits you from afar with a +0 glaive!
* * * LOW HITPOINT WARNING * * *
You feel better. You block the orc warrior's attack.
The orc warrior hits you with a +0 glaive!
* * * LOW HITPOINT WARNING * * *
You hit the orc warrior.
The orc warrior is moderately wounded.
The orc warrior hits you with a +0 glaive!
You die...

≈≈≈≈≈≈..≈≈≈.≈≈≈
≈≈≈≈..≈≈≈.....≈
≈≈≈.≈≈≈........
≈≈≈.≈.....≈≈≈..
≈≈.≈≈.⌠..≈≈≈≈≈.
≈≈.≈.....≈≈≈≈≈.
≈.≈≈...o≈≈≈≈≈≈≈.
≈.≈....@≈≈≈≈≈≈≈.
#≈≈.≈.....≈≈≈:≈≈≈.....≈.≈
#≈≈.≈.....≈≈≈?≈≈≈.....≈.≈
#≈≈.≈.....≈≈≈=≈≈≈.....≈.≈
#≈≈.≈.....≈)≈≈≈≈≈.....≈.≈
#≈≈.≈≈....≈≈≈≈≈≈≈....≈≈.≈
#≈≈≈.≈.....≈≈≈≈≈.....≈.≈≈
#≈≈≈.≈≈.⌠..≈≈≈≈≈..⌠.≈≈.≈≈
#≈≈≈≈.≈.....≈≈≈.....≈.≈≈≈


You could see an orc warrior.

Vanquished Creatures
  Grinder (D:3)
  A water moccasin (D:6)
  A sky beast (D:6)
  8 orc warriors (Bailey)
  A necrophage (D:6)
  An ogre (D:5)
  6 centaurs (Bailey)
  A phantom (D:6)
  A gnoll sergeant (D:6)
  2 bullfrogs
  A water moccasin zombie (D:5)
  A wyvern zombie (D:6)
  A water moccasin skeleton (D:4)
  3 howler monkeys
  3 wights (D:7)
  A centaur zombie (D:6)
  A human zombie (Ossuary)
  A jelly (D:2)
  4 hounds
  2 bullfrog skeletons (D:5)
  A gnoll shaman (D:4)
  5 orc priests
  Ijyb (D:3)
  3 iguanas
  Terence (D:3)
  2 orc wizards
  A nameless horror (D:4)
  Robin (D:4)
  4 mummies (Ossuary)
  9 gnolls (D:6)
  3 adders
  2 shadow imps (D:6)
  A white imp (D:3)
  3 dart slugs
  41 orcs
  5 ball pythons
  4 endoplasms
  6 giant cockroaches
  4 gnoll zombies (Ossuary)
  10 goblins
  9 hobgoblins
  3 jackals (D:1)
  A quokka (D:4)
  3 bats
  3 frilled lizards (D:1)
  A goblin skeleton (D:3)
  2 goblin zombies (D:3)
  4 hobgoblin zombies
  9 kobolds
  A kobold zombie (Ossuary)
  3 orc skeletons (D:3)
  4 orc zombies
  6 rats
197 creatures vanquished.

Vanquished Creatures (collateral kills)
  An orc (D:3)
  A ball python (D:1)
  A bat (D:1)
  2 endoplasms (D:1)
  2 hobgoblins (D:1)
  A jackal (D:1)
  2 rats
10 creatures vanquished.

Vanquished Creatures (others)
  An orc (D:6)
  2 goblins (D:4)
3 creatures vanquished.

Grand Total: 210 creatures vanquished

Notes
Turn   | Place    | Note
-------+----------+-------------------------------------------
     0 | D:1      | Geeful the Merfolk Summoner began the quest for the Orb.
     0 | D:1      | Reached XP level 1. HP: 13/13 MP: 3/3
     3 | D:1      | Found a runed translucent door.
   453 | D:1      | Reached XP level 2. HP: 19/19 MP: 1/5
   456 | D:1      | Learned a level 2 spell: Call Imp
   509 | D:1      | Reached skill level 3 in Dodging
  1289 | D:1      | Reached XP level 3. HP: 24/25 MP: 6/6
  1304 | D:1      | Reached skill level 1 in Fighting
  1304 | D:1      | Reached skill level 1 in Polearms
  1639 | D:2      | Found Ymempy's Antique Weapon Shoppe.
  1715 | D:2      | Reached XP level 4. HP: 32/32 MP: 0/7
  1970 | D:2      | Identified the +0 scale mail "Peuliruq" {Int+2}
  2041 | D:2      | Found a faded altar of an unknown god.
  2492 | D:3      | Reached XP level 5. HP: 24/38 MP: 6/9
  2703 | D:3      | Found a glowing golden altar of the Shining One.
  2774 | D:3      | Noticed Terence
  2834 | D:3      | Killed Terence
  2920 | D:3      | Noticed Grinder
  2922 | D:3      | Paralysed by Grinder for 3 turns
  2926 | D:3      | Killed Grinder
  2927 | D:3      | Reached skill level 4 in Dodging
  2927 | D:3      | Reached XP level 6. HP: 14/46 MP: 10/10
  3144 | D:3      | Noticed Ijyb
  3154 | D:3      | Killed Ijyb
  3155 | D:3      | Reached skill level 5 in Summonings
  3445 | D:3      | Found a white marble altar of Elyvilon.
  3538 | D:4      | Found a sand-covered staircase.
  3543 | Ossuary  | Entered an ossuary
  3809 | Ossuary  | Reached XP level 7. HP: 16/52 MP: 12/12
  4196 | D:4      | Reached skill level 5 in Dodging
  4200 | D:4      | Learned a level 3 spell: Summon Guardian Golem
  4412 | D:4      | Noticed Robin
  4420 | D:4      | Killed Robin
  5038 | D:4      | Found Wiloc's Antique Weapon Boutique.
  5121 | D:4      | Found a sacrificial altar of Ru.
  5363 | D:5      | Entered Level 5 of the Dungeon
  5395 | D:5      | Reached skill level 5 in Polearms
  5395 | D:5      | Reached skill level 1 in Evocations
  5466 | D:5      | Reached XP level 8. HP: 57/60 MP: 13/13
  5536 | D:5      | Found a hide-covered altar of Uskayaw.
  6364 | D:6      | Reached skill level 6 in Dodging
  6782 | D:6      | Found a staircase to the Ecumenical Temple.
  7053 | Temple   | Entered the Ecumenical Temple
  7471 | Temple   | Became a worshipper of Hepliaklqana the Forgotten
  7472 | Temple   | Upgraded the game from 0.29-a0-22-gbf593b1 to
                  | 0.29-a0-100-g60f898f
  7735 | D:6      | Reached XP level 9. HP: 67/67 MP: 15/15
  7784 | D:6      | Reached skill level 5 in Fighting
  8112 | D:6      | Reached skill level 7 in Dodging
  8262 | D:7      | Reached skill level 5 in Spellcasting
  8291 | D:7      | Found a flagged portal.
  8462 | Bailey   | Entered a bailey
  9382 | Bailey   | Reached skill level 8 in Dodging
  9665 | Bailey   | Reached XP level 10. HP: 57/76 MP: 18/18
  9775 | Bailey   | Upgraded the game from 0.29-a0-100-g60f898f to
                  | 0.29-a0-251-g80730f7
  9801 | Bailey   | Slain by an orc warrior

Illustrated notes

Levels and vault maps discovered:
D:1:      dpeg_arrival_caged_fury, layout_loops_ring
D:2:      layout_basic, serial_shops, nicolae_shop_waterfront,
          chequers_ecumenical_altar_simple_redux, hangedman_decor_riveting,
          minmay_heptomino_o4
D:3:      layout_basic, nicolae_elyvilon_temple_path,
          nicolae_tso_besieged_by_evil, uniq_grinder, uniq_terence, uniq_ijyb
D:4:      minmay_skewed_foursquare, layout_cave_pools,
          lemuel_coloured_pillars_altar, enter_ossuary_5, serial_shops,
          nicolae_shop_waterfront, uniq_robin
D:5:      layout_basic, mainiacjoe_overflow_small_starburst
D:6:      hellmonk_crumbling_castle, layout_basic, minmay_temple_entry_statues,
          nicolae_elevator_lobby_plus
D:7:      layout_cave_pools, enter_bailey_2, roderic_serpentine_path
Temple:   regret_index_temple_sphere_string
Bailey:   bailey_polearm_flooded_kennysheep, bailey

Skill      XL: |  1  2  3  4  5  6  7  8  9 10 |
---------------+-------------------------------+-----
Dodging        | 3 4 5 6 8 |  8.4
Fighting       | 1 2 3 4 6 |  6.4
Polearms       | 1 2 3 4 5 6 8 7 |  7.8
Spellcasting   | 3 4 5 |  5.8
Summonings     | 5 6 7 |  7.3
Evocations     | 1 2 |  2.8
Stealth        | |  2.5

Action                   |  1- 3 |  4- 6 |  7- 9 | 10-12 || total
-------------------------+-------+-------+-------+-------++-------
Melee: Unarmed           |     5 |       |       |       ||     5
       Demon trident     |    40 |    99 |   389 |    13 ||   541
       Short sword       |    10 |       |       |       ||    10
       Punch             |     1 |     1 |       |       ||     2
Throw: Stone             |     6 |       |     1 |       ||     7
       Dart              |     2 |       |       |       ||     2
 Cast: Summon Small Mamm |     9 |       |       |       ||     9
       Call Imp          |    13 |     5 |     2 |       ||    20
       Summon Guardian G |       |       |    21 |       ||    21
  Use: Scroll            |       |    12 |     2 |       ||    14
       Potion            |       |       |     8 |     3 ||    11
 Stab: Sleeping          |     7 |     6 |     8 |       ||    21
Armor: Robe              |    10 |    18 |    87 |     2 ||   117
Dodge: Dodged            |    25 |    28 |   295 |     8 ||   356
Block: Other             |       |       |    11 |       ||    11
       Orb               |       |       |    81 |     5 ||    86
       Reflection        |       |       |     5 |       ||     5

Table legend: (Time is in decaauts)
 A = Elapsed time spent in this place.
 B = Non-inter-level travel time spent in this place.
 C = Inter-level travel time spent in this place.
 D = Time resting spent in this place.
 E = Time spent auto-exploring this place.
 F = Levels seen in this place.
 G = Mean time per level.
                   A        B        C        D        E       F      G
               +--------+--------+--------+--------+--------+-----+--------+
         Total |   9814 |   9614 |    200 |   2266 |   4602 |  10 |  981.4 |
       Dungeon |   7420 |   7257 |    163 |   1257 |   4410 |   7 | 1060.0 |
        Temple |    446 |    409 |     37 |      0 |     63 |   1 |  446.0 |
       Ossuary |    618 |    618 |      0 |    338 |      0 |   1 |  618.0 |
        Bailey |   1329 |   1329 |      0 |    671 |    129 |   1 | 1329.0 |
               +--------+--------+--------+--------+--------+-----+--------+

Top non-repeatable levels by time:
     D:6: 1366 daAuts
     D:1: 1352 daAuts
  Bailey: 1329 daAuts
     D:3: 1166 daAuts
     D:2: 1136 daAuts
     D:4: 1111 daAuts
     D:5: 1058 daAuts
 Ossuary: 618 daAuts
  Temple: 446 daAuts
     D:7: 228 daAuts
